 Dungeon Crawl Stone Soup version 0.17-a0-1393-gcb420ff (console) character file.

6651 utis the Soothsayer (level 11, -10/66 HPs)
             Began as a Kobold Artificer on June 16, 2015.
             Was a Priest of Nemelex Xobeh.
             Killed from afar by a gargoyle (18 damage)
             ... with a stone arrow
             ... on level 9 of the Dungeon.
             The game lasted 00:46:35 (18052 turns).

utis the Soothsayer (Kobold Artificer)             Turns: 18052, Time: 00:46:35

Health: -10/66     AC: 17    Str: 14    XL:     11   Next: 22%
Magic:  19/19      EV: 11    Int: 10    God:    Nemelex Xobeh [***...]
Gold:   421        SH:  0    Dex: 16    Spells: 0 memorised, 10 levels left

rFire  . . .     SeeInvis .     a - +3 morningstar (drain)
rCold  . . .     Clarity  +     y - +0 storm dragon armour
rNeg   . . .     SustAt   .     (shield restricted)
rPois  .         Gourm    .     F - +2 hat
rElec  +         Spirit   .     (no cloak)
rCorr  .         Warding  .     (no gloves)
rMut   .         Stasis   .     l - +2 pair of boots
MR     .....                    q - amulet of clarity
Stlth  ..........               j - +1 ring of slaying
                                I - ring of stealth

@: drained, not resistant to hostile enchantments, extremely unstealthy
A: carnivore 3
a: Triple Draw, Renounce Religion


You were on level 9 of the Dungeon.
You worshipped Nemelex Xobeh.
Nemelex Xobeh was most pleased with you.
You were very full.

You visited 1 branch of the dungeon, and saw 10 of its levels.

You collected 529 gold pieces.
You spent 108 gold pieces at shops.

Inventory:

Hand weapons
 a - a +3 morningstar of draining (weapon)
 b - a +3 hunting sling of freezing
 x - a +0 hunting sling
Missiles
 k - 287 stones
 s - 36 poisoned needles
 A - 37 sling bullets
 P - 15 sling bullets of flame
 T - 6 tomahawks (quivered)
Armour
 l - a +2 pair of boots (worn)
 y - a +0 storm dragon armour (worn)
 F - a +2 hat (worn)
Jewellery
 i - an uncursed ring of protection from magic
 j - a +1 ring of slaying (right hand)
 n - an uncursed ring of teleportation
 q - an amulet of clarity (around neck)
 v - an uncursed amulet of resist corrosion
 B - an uncursed ring of see invisible
 E - the amulet "Veotriuh" {Ward rF++ rN+ MR+ Str-5 SInv}
   (You took it off an orc on level 6 of the Dungeon)

   [amulet of warding]

   It may prevent the melee attacks of summoned creatures.
   It affects your strength (-5).
   It greatly protects you from fire.
   It protects you from negative energy.
   It affects your resistance to hostile enchantments.
   It lets you see invisible.
 I - a ring of stealth (left hand)
Magical devices
 c - a wand of flame (6)
 d - a wand of enslavement (12)
 L - a wand of frost (23)
 M - a wand of slowing (35)
Scrolls
 e - 2 scrolls of remove curse
 p - 6 scrolls of fear {!r}
 J - a scroll of immolation {unknown}
 O - 2 scrolls of enchant weapon
 U - a scroll of magic mapping
 X - a scroll of brand weapon
 Y - 2 scrolls of fog
Potions
 g - a potion of resistance
 o - a potion of degeneration
 u - a potion of invisibility
 w - a potion of ambrosia
 z - 3 potions of poison
 D - 2 potions of heal wounds {unknown}
 G - a potion of berserk rage {!q}
 H - a potion of mutation {!q}
 Q - a potion of cancellation
 S - a potion of agility {unknown}
Books
 V - a book of Enchantments

   Spells                             Type                      Level
   a - Cause Fear                     Hexes                        4
   b - Silence                        Hexes/Air                    5
   c - Deflect Missiles               Charms/Air                   6
   d - Haste                          Charms                       6
   e - Discord                        Hexes                        8
Miscellaneous
 t - an ornate deck of escape
 C - an ornate deck of destruction {drawn: 3}
 N - a plain deck of escape {drawn: 5}
 W - a plain deck of war
 Z - an ornate deck of escape
Comestibles
 f - 5 meat rations
 h - 6 fruits
 m - 7 bread rations
 r - 8 royal jellies
 R - 3 beef jerkies


   Skills:
 + Level 6.8(5.7) Fighting
   Level 1.3(0.4) Short Blades
 * Level 8.8(7.6) Maces & Flails
 + Level 5.2(4.1) Armour
 + Level 7.6(6.4) Dodging
 - Level 1.3(0.3) Stealth
 * Level 10.9(9.6) Evocations


You had 10 spell levels left.
You didn't know any spells.

Dungeon Overview and Level Annotations

Branches:
Dungeon (10/15)            Temple (0/1) D:7            Lair (0/8) D:10
    Orc (0/4) D:9

Altars:
Ashenzari
Nemelex Xobeh
Okawaru
Sif Muna
Trog
Vehumet
Xom
The Shining One
Beogh

Shops:
D:4 (   D:8 *

Annotations:
D:3 1 exclusion


Innate Abilities, Weirdness & Mutations

You are small and have problems with some larger weapons.
You are carnivorous and can eat meat at any time.


Message History

The gargoyle hurls a stone arrow at you.
The stone arrow hits you!
* * * LOW HITPOINT WARNING * * *
You completely miss the gargoyle.
The gargoyle is severely damaged.
The gargoyle hits you but does no damage.
You barely miss the gargoyle.
The gargoyle is severely damaged.
The gargoyle completely misses you.
You hit the gargoyle but do no damage.
The gargoyle is severely damaged.
The gargoyle hurls a stone arrow at you.
The stone arrow hits you!
* * * LOW HITPOINT WARNING * * *
You hit the gargoyle but do no damage.
The gargoyle is severely damaged.
The gargoyle hurls a stone arrow at you.
The stone arrow hits you!
You die...
Your body glows slightly and disappears.

▓.▓
▓.▓▓▓▓▓▓▓▓▓▓▓▓▓▓▓▓▓▓▓▓▓▓
▓.......................
▓.▓▓▓▓▓▓▓▓▓▓▓▓▓▓▓▓▓▓▓▓▓▓
▓.▓ ▓▓▓▓▓ ▓.▓ ▓...▓ ▓.▓
▓▓▓▓▓▓▓▓▓...▓▓
▓.▓▓▓▓▓▓▓▓▓>......'...'.
▓)....9K................
▓.▓▓▓▓▓▓▓▓▓.▓▓▓▓▓▓▓...▓▓
▓[).[[).).).............
▓.▓▓▓▓▓▓▓▓▓.▓▓▓▓▓▓▓▓▓▓▓▓
▓.▓ ▓▓▓▓▓▓▓'▓▓▓▓▓....▓
▓.▓ ▓...........▓....▓
▓.▓ ▓...........▓....▓
▓.▓ ▓...........▓....▓
▓.▓ ▓...........▓....▓▓▓


You could see a gargoyle.

Vanquished Creatures
  A hill giant (D:10)
  A queen bee (D:9)
  A deep elf mage (D:9)
  2 hungry ghosts
  4 ice beasts
  7 orc warriors
  2 porcupines
  A sky beast (D:6)
  A necrophage (D:5)
  3 centaurs
  An ogre (D:6)
  A crocodile (D:9)
  A big kobold (D:7)
  Blork the orc (D:5)
  5 giant frogs
  A gnoll sergeant (D:6)
  A wyvern zombie (D:9)
  2 scorpions
  A water moccasin skeleton (D:7)
  17 killer bees
  2 crimson imps
  5 wights
  12 orc wizards
  3 quasits
  11 orc priests
  6 hounds
  4 jellies
  The ghost of Baka the Changer, a weakling FeTm (D:5)
  A giant frog skeleton (D:8)
  11 worker ants
  2 gnoll shamans
  A killer bee zombie (D:9)
  2 hound skeletons
  21 gnolls
  A worker ant zombie (D:9)
  10 adders
  3 oozes
  An adder skeleton (D:5)
  5 worms
  7 giant geckos
  65 orcs
  4 ball pythons
  18 bats
  7 giant cockroaches
  18 hobgoblins
  15 jackals
  27 kobolds
  5 quokkas
  A giant cockroach zombie (D:6)
  A giant gecko skeleton (D:7)
  5 giant newts
  6 goblins
  A quokka skeleton (D:7)
  14 rats
350 creatures vanquished.

Vanquished Creatures (collateral kills)
  An orc wizard (D:4)
  3 orcs
4 creatures vanquished.

Grand Total: 354 creatures vanquished

Notes
Turn   | Place    | Note
--------------------------------------------------------------
     0 | D:1      | utis the Kobold Artificer began the quest for the Orb.
     0 | D:1      | Reached XP level 1. HP: 12/12 MP: 3/3
    74 | D:1      | Reached XP level 2. HP: 14/16 MP: 4/4
   451 | D:1      | Reached skill level 4 in Evocations
   579 | D:1      | Reached XP level 3. HP: 19/21 MP: 6/6
  1821 | D:2      | Reached XP level 4. HP: 26/26 MP: 7/7
  3045 | D:2      | Reached skill level 5 in Evocations
  3233 | D:2      | Reached XP level 5. HP: 31/31 MP: 8/8
  3451 | D:3      | Found a faded altar to an unknown god.
  3956 | D:3      | Reached skill level 1 in Armour
  4348 | D:3      | Reached skill level 1 in Maces & Flails
  4681 | D:4      | Found a sparkling altar of Nemelex Xobeh.
  4688 | D:4      | Became a worshipper of Nemelex Xobeh the Trickster
  4984 | D:4      | Found Inwuarad's Antique Weapon Boutique.
  4998 | D:4      | Reached XP level 6. HP: 30/36 MP: 9/9
  5102 | D:4      | Received a gift from Nemelex Xobeh
  6024 | D:4      | Bought a runed flail for 108 gold pieces
  6456 | D:5      | Entered Level 5 of the Dungeon
  6491 | D:5      | Reached XP level 7. HP: 32/40 MP: 10/10
  6886 | D:5      | Noticed Baka's ghost (weakling FeTm)
  6900 | D:5      | Killed Baka's ghost
  7588 | D:5      | Noticed Blork the orc
  7617 | D:5      | Killed Blork the orc
  7706 | D:5      | Noticed an ice beast
  7721 | D:5      | Killed an ice beast
  7721 | D:5      | Reached XP level 8. HP: 34/46 MP: 12/12
  8328 | D:5      | Reached skill level 6 in Evocations
  8508 | D:6      | Reached skill level 5 in Maces & Flails
  8553 | D:6      | Identified a scroll of acquirement
  9130 | D:5      | Reached skill level 7 in Evocations
  9273 | D:6      | Reached skill level 5 in Dodging
  9273 | D:6      | Reached XP level 9. HP: 35/52 MP: 14/14
  9364 | D:6      | Got a pitted brass amulet
  9831 | D:6      | Received a gift from Nemelex Xobeh
  9877 | D:6      | Found a bloodstained altar of Trog.
 10249 | D:6      | meh
 10464 | D:7      | Reached skill level 8 in Evocations
 10469 | D:7      | Found a staircase to the Ecumenical Temple.
 10947 | D:7      | Reached skill level 5 in Fighting
 12003 | D:8      | Reached skill level 9 in Evocations
 12003 | D:8      | Reached XP level 10. HP: 59/59 MP: 16/16
 12123 | D:8      | Found a shimmering altar of Xom.
 12413 | D:8      | Found an iron altar of Okawaru.
 12723 | D:8      | Found a shattered altar of Ashenzari.
 12724 | D:8      | Found a deep blue altar of Sif Muna.
 12726 | D:8      | Found a radiant altar of Vehumet.
 12727 | D:8      | Found a glowing golden altar of the Shining One.
 13459 | D:8      | Found Aniepal's Assorted Antiques.
 13467 | D:8      | Received a gift from Nemelex Xobeh
 13957 | D:9      | Got a dull robe
 14514 | D:9      | Reached skill level 10 in Evocations
 14774 | D:9      | Found a roughly hewn altar of Beogh.
 14790 | D:9      | Found a staircase to the Orcish Mines.
 14970 | D:9      | Received a gift from Nemelex Xobeh
 15042 | D:9      | Reached skill level 5 in Armour
 15897 | D:9      | Reached XP level 11. HP: 43/66 MP: 18/18
 17049 | D:9      | Acquired Nemelex Xobeh's first power
 17130 | D:10     | Entered Level 10 of the Dungeon
 17147 | D:10     | Identified the amulet "Veotriuh" {Ward rF++ rN+ MR+ Str-5 SInv} (You took it off an orc on level 6 of the Dungeon)
 17178 | D:10     | Received a gift from Nemelex Xobeh
 17185 | D:10     | Noticed a hill giant
 17194 | D:10     | Killed a hill giant
 17443 | D:10     | Found a staircase to the Lair.
 17489 | D:9      | HP: 1/66 [porcupine's spines (15)]
 18052 | D:9      | Killed from afar by a gargoyle

Vault maps used:
D:1:      elethiomel_arrival_quiet
D:2:      first_bread
D:3:      ecumenical_altar_2
D:4:      overflow_temple_1_default, serial_shops, nicolae_shop_stone
D:5:      uniq_blork_the_orc
D:6:      lemuel_doored_altar, enter_ossuary_5
D:7:      temple_fountains
D:8:      minmay_flawed_box, minitemple, serial_shops, kennysheep_little_box,
          xom_teletrap_fun
D:9:      david_orc_5, david_nohive_1
D:10:     minmay_lair_entry_grove

Action                   |  1- 3 |  4- 6 |  7- 9 | 10-12 || total
-------------------------+-------+-------+-------+-------++-------
Melee: Short sword       |   138 |   129 |       |       ||   267
       Whip              |       |   112 |       |       ||   112
       Flail             |       |    43 |   346 |       ||   389
       Morningstar       |       |       |   150 |   431 ||   581
 Fire: Hunting sling     |       |    33 |    23 |    21 ||    77
Throw: Tomahawk          |    10 |    12 |   102 |    76 ||   200
       Stone             |    46 |    67 |     8 |    46 ||   167
Invok: Triple Draw       |       |       |       |     1 ||     1
 Abil: Evoke Teleportati |       |       |       |     1 ||     1
Evoke: Wand              |     1 |    24 |     3 |     7 ||    35
       Deck              |       |       |       |     5 ||     5
  Use: Scroll            |       |    10 |    11 |     4 ||    25
       Potion            |       |       |       |     4 ||     4
 Stab: Paralysed         |     2 |       |       |       ||     2
       Betrayed ally     |       |     1 |       |       ||     1
  Eat: Chunk             |    11 |    15 |    23 |    19 ||    68
